 Dungeon Crawl Stone Soup version 0.26-a0-597-gb535b0901c (webtiles) character file.

Game seed: 3802002185439068788

37 Brandom the Skirmisher (level 3, -2/33 HPs)
             Began as a Palentonga Delver on Sept 10, 2020.
             Slain by a gnoll zombie (5 damage)
             ... in an ossuary.
             The game lasted 00:06:50 (548 turns).

Brandom the Skirmisher (Palentonga Delver)           Turns: 548, Time: 00:06:51

Health: -2/33      AC:  4    Str: 15    XL:     3   Next: 21%
Magic:  3/3        EV:  9    Int: 11    God:
Gold:   23         SH:  0    Dex: 11    Spells: 2/2 levels left

rFire    . . .     SeeInvis +   a - +0 mace
rCold    . . .     Faith    .   (no shield)
rNeg     . . .     Spirit   .   b - +0 leather armour
rPois    .         Reflect  .   (no helmet)
rElec    .         Harm     .   (no cloak)
rCorr    .                      (no gloves)
MR       .....                  (no barding)
Stlth    ++........             (no amulet)
HPRegen  0.11/turn              (no ring)
MPRegen  0.08/turn              (no ring)

@: no status effects
A: large, rugged brown scales 3, see invisible, deformed body, roll, armoured
tail
a: Rolling Charge


You were in an ossuary.
You visited 1 branch of the dungeon, and saw 3 of its levels.
You also visited: Ossuary.

You collected 23 gold pieces.

Inventory:

Hand Weapons
 a - a +0 mace (weapon)
Armour
 b - a +0 leather armour (worn)
Wands
 v - a wand of digging (3)
Scrolls
 c - a scroll of fog
 e - a scroll of fear
Potions
 f - a potion of haste {@q3}


   Skills:
 + Level 3.5 Fighting
 * Level 3.2 Maces & Flails
 - Level 1.5 Dodging
 - Level 3.3 Stealth


You had 2 spell levels left.
You didn't know any spells.
Your spell library was empty.

Dungeon Overview and Level Annotations

Branches:
Dungeon (6/15)            Ossuary (1/1)
 Temple: D:4-7

Altars:

Annotations:
D:4 Dowan, Duvessa
D:5 Edmund


Innate Abilities, Weirdness & Mutations

You are completely covered in rugged brown scales. (AC +3, +7% HP)
You have supernaturally acute eyesight. (SInv)
Armour fits poorly on your strangely shaped body.
You can roll at foes to attack.
You have a long armoured tail.


Message History

You hit the orc zombie. The orc zombie closely misses you.
You barely miss the orc zombie. The gnoll zombie barely misses you.
The orc zombie hits you but does no damage.
You hit the orc zombie.
A big kobold zombie comes into view.
The orc zombie hits you.
A gnoll zombie comes into view.
The gnoll zombie closely misses you.
An elf zombie comes into view.
You hit the orc zombie but do no damage.
The orc zombie hits you. The gnoll zombie hits you.
A hobgoblin zombie comes into view.
You barely miss the orc zombie.
A gnoll zombie comes into view.
The orc zombie closely misses you. The gnoll zombie hits you.
A gnoll zombie comes into view.
You hit the orc zombie but do no damage.
The orc zombie misses you. The gnoll zombie closely misses you.
You thump the orc zombie!
You destroy the orc zombie!
The gnoll zombie closely misses you.
There is a gate leading back out of this place here.
Aim: a gnoll zombie You roll forward with a clatter of scales!
You sock the gnoll zombie! The gnoll zombie barely misses you.
The gnoll zombie hits you.
You can't see anything there to charge at. x2
Okay, then.
That's out of range!
Okay, then.
You hit the gnoll zombie but do no damage.
The gnoll zombie hits you.
* * * LOW HITPOINT WARNING * * *
The gnoll zombie hits you.
* * * LOW HITPOINT WARNING * * *
The hobgoblin zombie hits you but does no damage.
The elf zombie hits you.
* * * LOW HITPOINT WARNING * * *
You barely miss the gnoll zombie. You tail-slap the gnoll zombie.
You destroy the gnoll zombie!
The gnoll zombie hits you but does no damage.
The hobgoblin zombie barely misses you. The elf zombie hits you.
* * * LOW HITPOINT WARNING * * *
The gnoll zombie hits you.
* * * LOW HITPOINT WARNING * * *
You hit the gnoll zombie. The gnoll zombie hits you.
* * * LOW HITPOINT WARNING * * *
The hobgoblin zombie hits you but does no damage.
The elf zombie completely misses you. The gnoll zombie hits you.
You die...

#####
##..Z##
##..ZZ@##
#...∩ZZZ#
#.......#
#...∩...#
##.....##
##...##
#...#
#...#
......


You could see a hobgoblin zombie, 3 gnoll zombies, a big kobold zombie and an
elf zombie.

Vanquished Creatures
  A hound (D:6)
  An orc (D:5)
  A giant cockroach (D:6)
  A quokka (D:6)
  A ball python (D:6)
  A gnoll zombie (Ossuary)
  An orc zombie (Ossuary)
7 creatures vanquished.

Notes
Turn   | Place    | Note
-------+----------+-------------------------------------------
     0 | D:5      | Brandom the Palentonga Delver began the quest for the Orb.
     0 | D:5      | Reached XP level 1. HP: 20/20 MP: 1/1
    85 | D:5      | Noticed Edmund
    89 | D:4      | Noticed Dowan
    91 | D:4      | Noticed Duvessa
   423 | D:6      | Noticed a hound
   428 | D:6      | Killed a hound
   428 | D:6      | Reached XP level 2. HP: 26/27 MP: 2/2
   428 | D:6      | Reached XP level 3. HP: 32/33 MP: 3/3
   510 | D:6      | Found a sand-covered staircase.
   520 | Ossuary  | Entered an ossuary
   548 | Ossuary  | Slain by a gnoll zombie

Illustrated notes

Levels and vault maps discovered:
D:4:      layout_cave_pools, lemuel_coloured_pillars_altar, serial_park,
          serial_shops, kennysheep_mini, uniq_duvessa, uniq_pikel,
          uniq_eustachio
D:5:      layout_basic, lemuel_crystal_altar, uniq_edmund
D:6:      layout_basic, enter_ossuary_3, grunt_ministairs_15, uniq_grinder
Ossuary:  minmay_ossuary_gauntlet

Skill      XL: |  1 |
---------------+----+-----
Maces & Flails | 3 |  3.2
Fighting       | |  3.5
Dodging        | |  1.5
Stealth        | |  3.3

Action                   || total
-------------------------++-------
Melee: Mace              ||    26
       Tailslap          ||     4
 Abil: Rolling Charge    ||     3
  Use: Scroll            ||     1
Armor: Leather armour    ||    10
Dodge: Dodged            ||    21

Table legend: (Time is in decaauts)
 A = Elapsed time spent in this place.
 B = Non-inter-level travel time spent in this place.
 C = Inter-level travel time spent in this place.
 D = Time resting spent in this place.
 E = Time spent auto-exploring this place.
 F = Levels seen in this place.
 G = Mean time per level.
                   A        B        C        D        E       F      G
               +--------+--------+--------+--------+--------+-----+--------+
         Total |    554 |    554 |      0 |    225 |     96 |   4 |  138.5 |
       Dungeon |    524 |    524 |      0 |    225 |     95 |   3 |  174.7 |
       Ossuary |     30 |     30 |      0 |      0 |      1 |   1 |   30.0 |
               +--------+--------+--------+--------+--------+-----+--------+

Top non-repeatable levels by time:
     D:6: 362 daAuts
     D:5: 159 daAuts
 Ossuary: 30 daAuts
     D:4: 1 daAuts
